SL
ORLANDO CITY @ PHILADEPHIA 1776 BC
08/05/2017
 
TOP OF THE 1ST
SC Storm batting - Pitching for Northern Virginia Retrievers : LHP Manuel Garza
Pitching: LHP Manuel Garza
Batting: LHB Vern Forrest 0-0: Called Strike
0-1: Foul Ball, location: 2F
0-2: Ball
1-2: Ball
2-2: Strikes out swinging
Batting: RHB Bob Myers 0-0: Swinging Strike
0-1: Swinging Strike
0-2: Fly out, F8 (Flyball, 8LM)
Batting: LHB Aukukero Mincarlie 0-0: Ball
1-0: Foul Ball, location: 2F
1-1: Foul Ball, location: 2F
1-2: Ground out 4-3 (Groundball, 4)
Top of the 1st over - 0 run(s), 0 hit(s), 0 error(s), 0 left on base; SC 0 - Northern Virginia 0
BOTTOM OF THE 1ST
Northern Virginia Retrievers batting - Pitching for SC Storm : RHP Kirby Brown
Pitching: RHP Kirby Brown
Batting: LHB Ye Der 0-0: Ball
1-0: Foul Ball, location: 2F
1-1: Foul Ball, location: 2F
1-2: Ground out 4-3 (Groundball, 34)
Batting: RHB Danny Spencer 0-0: Called Strike
0-1: SINGLE (Groundball, 56D)
Batting: RHB Don Brown 0-0: Ball
1-0: Swinging Strike
1-1: Ball
2-1: Ball
3-1: Called Strike
3-2: Foul Ball, location: 2F
3-2: Grounds into double play, 1-4-3 (Groundball, 15)
Bottom of the 1st over - 0 run(s), 1 hit(s), 0 error(s), 0 left on base; SC 0 - Northern Virginia 0
TOP OF THE 2ND
SC Storm batting - Pitching for Northern Virginia Retrievers : LHP Manuel Garza
Batting: RHB Kyle Myers 0-0: Foul Ball, location: 2F
0-1: Swinging Strike
0-2: Ball
1-2: Strikes out swinging
Batting: RHB Lane Rich 0-0: DOUBLE (Groundball, 3D)
Batting: RHB Ron Humboldt 0-0: Ball
1-0: Ball
2-0: Ball
3-0: Base on Balls
Batting: LHB Jonathan Brock 0-0: Ball
1-0: Ball
2-0: SINGLE (Line Drive, 4MD)
Lane Rich to third
Ron Humboldt to second
Batting: RHB Jorge Rocha 0-0: Ball
1-0: Called Strike
1-1: Ball
2-1: Called Strike
2-2: Grounds into fielders choice 1-2 (Groundball, 2R)
Ron Humboldt to third
Jonathan Brock to second
Batting: SHB Kirby Brown 0-0: Ball
1-0: Swinging Strike
1-1: Ball
2-1: Ball
3-1: SINGLE (Groundball, 56)
Ron Humboldt scores
Jonathan Brock to third
Jorge Rocha to second
Runner from 3rd tries for Home, SAFE, no throw or cutoff
Batting: LHB Vern Forrest 0-0: Swinging Strike
0-1: Ball
1-1: Ball
2-1: Called Strike
2-2: Foul Ball, location: 2F
2-2: Foul Ball, location: 2F
2-2: Foul Ball, location: 2F
2-2: Ground out 4-3 (Groundball, 34)
Top of the 2nd over - 2 run(s), 3 hit(s), 0 error(s), 2 left on base; SC 2 - Northern Virginia 0
BOTTOM OF THE 2ND
Northern Virginia Retrievers batting - Pitching for SC Storm : RHP Kirby Brown
Batting: LHB James Sorensen 0-0: Ball
1-0: Ball
2-0: Fly out, F8 (Flyball, 8LM)
Batting: RHB Donald Stanley 0-0: Ball
1-0: Foul Ball, location: 2F
1-1: Ball
2-1: Ball
3-1: DOUBLE (Line Drive, 7LM)
Batting: LHB Dawson Steele 0-0: Ball
Donald Stanley is caught stealing 3rd base
1-0: Ball
2-0: Ground out 4-3 (Groundball, 4)
Bottom of the 2nd over - 0 run(s), 1 hit(s), 0 error(s), 0 left on base; SC 2 - Northern Virginia 0
TOP OF THE 3RD
SC Storm batting - Pitching for Northern Virginia Retrievers : LHP Manuel Garza
Batting: RHB Bob Myers 0-0: Ball
1-0: Fly out, F7 (Flyball, 78M)
Batting: LHB Aukukero Mincarlie 0-0: Called Strike
0-1: Ball
1-1: Ball
2-1: Foul Ball, location: 2F
2-2: Ball
3-2: Base on Balls
Batting: RHB Kyle Myers 0-0: Called Strike
0-1: Fly out, F7 (Flyball, 7D)
Batting: RHB Lane Rich 0-0: Ball
1-0: Ball
2-0: Called Strike
2-1: DOUBLE (Line Drive, 9LM)
Aukukero Mincarlie to third
Batting: RHB Ron Humboldt 0-0: Called Strike
0-1: Foul Ball, location: 2F
0-2: Fly out, F9 (Flyball, 9S)
Top of the 3rd over - 0 run(s), 1 hit(s), 0 error(s), 2 left on base; SC 2 - Northern Virginia 0
BOTTOM OF THE 3RD
Northern Virginia Retrievers batting - Pitching for SC Storm : RHP Kirby Brown
Batting: RHB Christian O'Dell 0-0: Foul Ball, location: 2F
0-1: Ball
1-1: Foul Ball, location: 2F
1-2: Strikes out looking
Batting: LHB Jesús Pérez 0-0: Ball
1-0: Fly out, F7 (Flyball, 7M)
Batting: LHB Manuel Garza 0-0: Ground out 4-3 (Groundball, 13)
Bottom of the 3rd over - 0 run(s), 0 hit(s), 0 error(s), 0 left on base; SC 2 - Northern Virginia 0
TOP OF THE 4TH
SC Storm batting - Pitching for Northern Virginia Retrievers : LHP Manuel Garza
Batting: LHB Jonathan Brock 0-0: Foul Ball, location: 2F
0-1: Swinging Strike
0-2: Foul Ball, location: 2F
0-2: Strikes out looking
Batting: RHB Jorge Rocha 0-0: Ground out 5-3 (Groundball, 56)
Batting: SHB Kirby Brown 0-0: Ball
1-0: Called Strike
1-1: Called Strike
1-2: Ball
2-2: Ground out 3-1 (Groundball, 3)
Top of the 4th over - 0 run(s), 0 hit(s), 0 error(s), 0 left on base; SC 2 - Northern Virginia 0
BOTTOM OF THE 4TH
Northern Virginia Retrievers batting - Pitching for SC Storm : RHP Kirby Brown
Batting: LHB Ye Der 0-0: Called Strike
0-1: Ball
1-1: SOLO HOME RUN (Flyball, 9D), Distance : 384 ft
Batting: RHB Danny Spencer 0-0: Ball
1-0: Bunt for hit - play at first, batter OUT! 1-3
Batting: RHB Don Brown 0-0: Swinging Strike
0-1: Called Strike
0-2: Ball
1-2: Fly out, F6 (Line Drive, 6)
Batting: LHB James Sorensen 0-0: Called Strike
0-1: SINGLE (Groundball, 34S)
Batting: RHB Donald Stanley 0-0: Ball
1-0: Called Strike
1-1: Ball
2-1: 2-RUN HOME RUN (Line Drive, 78XD), Distance : 421 ft
Batting: LHB Dawson Steele 0-0: Foul Ball, location: 2F
0-1: Swinging Strike
0-2: Foul Ball, location: 2F
0-2: Foul Ball, location: 2F
0-2: Ball
1-2: Ground out U3 (Groundball, 3)
Bottom of the 4th over - 3 run(s), 3 hit(s), 0 error(s), 0 left on base; SC 2 - Northern Virginia 3
TOP OF THE 5TH
SC Storm batting - Pitching for Northern Virginia Retrievers : LHP Manuel Garza
Batting: LHB Vern Forrest 0-0: Ball
1-0: Ball
2-0: Ball
3-0: Foul Ball, location: 2F
3-1: Foul Ball, location: 2F
3-2: Base on Balls
Batting: RHB Bob Myers 0-0: Ball
1-0: Called Strike
1-1: Foul Ball, location: 2F
1-2: Ground out 5-3 (Groundball, 5S)
Vern Forrest to second
Batting: LHB Aukukero Mincarlie 0-0: Ball
1-0: Foul Ball, location: 2F
1-1: Ball
2-1: SINGLE (Line Drive, 89M)
Vern Forrest to third
Runner from 3rd tries for Home, SAFE, no throw or cutoff
Batting: RHB Kyle Myers 0-0: Ball
1-0: Called Strike
1-1: Swinging Strike
1-2: Strikes out looking
Batting: RHB Lane Rich 0-0: Ball
1-0: Ball
2-0: Ball
3-0: Foul Ball, location: 2F
3-1: Swinging Strike
3-2: Foul Ball, location: 2F
3-2: Strikes out swinging
Top of the 5th over - 1 run(s), 1 hit(s), 0 error(s), 1 left on base; SC 3 - Northern Virginia 3
BOTTOM OF THE 5TH
Northern Virginia Retrievers batting - Pitching for SC Storm : RHP Kirby Brown
Batting: RHB Christian O'Dell 0-0: Called Strike
0-1: Called Strike
0-2: Foul Ball, location: 2F
0-2: Ground out 6-3 (Groundball, 6M)
Batting: LHB Jesús Pérez 0-0: Swinging Strike
0-1: SINGLE (Groundball, 4MD)
Batting: LHB Manuel Garza 0-0: Called Strike
0-1: Ball
1-1: Reached on error, E1 (Groundball, 15)
Jesús Pérez to third
Batting: LHB Ye Der 0-0: Ball
Wild Pitch!
Jesús Pérez scores
Manuel Garza to third
1-0: Ball
2-0: Called Strike
2-1: Fly out, F8 (Flyball, 78XD)
Runner from 3rd tags up, SCORES, no throw
Batting: RHB Danny Spencer 0-0: Ball
1-0: Ground out 1-3 (Groundball, 13)
Bottom of the 5th over - 2 run(s), 1 hit(s), 1 error(s), 0 left on base; SC 3 - Northern Virginia 5
TOP OF THE 6TH
SC Storm batting - Pitching for Northern Virginia Retrievers : LHP Manuel Garza
Batting: RHB Ron Humboldt 0-0: Called Strike
0-1: Ball
1-1: Foul Ball, location: 2F
1-2: Ground out 4-3 (Groundball, 34)
Batting: LHB Jonathan Brock 0-0: Ball
1-0: Called Strike
1-1: Fly out, F8 (Flyball, 8LM)
Batting: RHB Jorge Rocha 0-0: Called Strike
0-1: Ball
1-1: Ball
2-1: SINGLE (Line Drive, 56)
Pinch Hitting: RHB Billy Farley 0-0: Ball
1-0: Ball
2-0: Swinging Strike
2-1: Ball
3-1: Called Strike
3-2: Base on Balls
Jorge Rocha to second
Pitching: RHP Cam Herman
Batting: LHB Vern Forrest 0-0: Ball
1-0: Fly out, F7 (Flyball, 7D)
Top of the 6th over - 0 run(s), 1 hit(s), 0 error(s), 2 left on base; SC 3 - Northern Virginia 5
BOTTOM OF THE 6TH
Northern Virginia Retrievers batting - Pitching for SC Storm : RHP Kirby Brown
Pitching: LHP Alexis Weaver
Batting: RHB Don Brown 0-0: Swinging Strike
0-1: Ball
1-1: Ball
2-1: Called Strike
2-2: Ground out 5-3 (Groundball, 56S)
Batting: LHB James Sorensen 0-0: Called Strike
0-1: Ball
1-1: SINGLE (Groundball, 56)
Batting: RHB Donald Stanley 0-0: Ball
James Sorensen is caught stealing 2nd base
1-0: Ball
2-0: Called Strike
2-1: SINGLE (Groundball, 56D)
Batting: LHB Dawson Steele 0-0: Called Strike
0-1: Ball
1-1: Ball
2-1: Foul Ball, location: 2F
2-2: Strikes out swinging
Bottom of the 6th over - 0 run(s), 2 hit(s), 0 error(s), 1 left on base; SC 3 - Northern Virginia 5
TOP OF THE 7TH
SC Storm batting - Pitching for Northern Virginia Retrievers : RHP Cam Herman
Batting: RHB Bob Myers 0-0: Ball
1-0: Ball
2-0: Foul Ball, location: 2F
2-1: Fly out, F7 (Flyball, 7M)
Batting: LHB Aukukero Mincarlie 0-0: Ball
1-0: Called Strike
1-1: Ground out 4-3 (Groundball, 4)
Batting: RHB Kyle Myers 0-0: Called Strike
0-1: Ground out 4-3 (Groundball, 34)
Top of the 7th over - 0 run(s), 0 hit(s), 0 error(s), 0 left on base; SC 3 - Northern Virginia 5
BOTTOM OF THE 7TH
Northern Virginia Retrievers batting - Pitching for SC Storm : LHP Alexis Weaver
Batting: RHB Christian O'Dell 0-0: DOUBLE (Flyball, 9LD)
Batting: LHB Jesús Pérez 0-0: Ball
1-0: Ball
2-0: Swinging Strike
2-1: Ground out 5-3 (Groundball, 56)
Pinch Hitting: RHB Harry Reynolds 0-0: Ball
1-0: Called Strike
1-1: Fly out, F9 (Popup, 34D)
Batting: LHB Ye Der Reached via error on a dropped throw, E1
Christian O'Dell to third
Batting: RHB Danny Spencer 0-0: Called Strike
0-1: Swinging Strike
0-2: Ball
1-2: Ball
2-2: Ball
3-2: Fly out, F8 (Flyball, 8LXD)
Bottom of the 7th over - 0 run(s), 1 hit(s), 1 error(s), 2 left on base; SC 3 - Northern Virginia 5
TOP OF THE 8TH
SC Storm batting - Pitching for Northern Virginia Retrievers : RHP Cam Herman
Pitching: RHP Benjamin Baars
Batting: RHB Lane Rich 0-0: Ball
1-0: Called Strike
1-1: Foul Ball, location: 2F
1-2: Strikes out swinging
Batting: RHB Ron Humboldt 0-0: Ball
1-0: SINGLE (Groundball, 6D)
Batting: LHB Jonathan Brock 0-0: Ball
1-0: Foul Ball, location: 2F
1-1: Called Strike
1-2: Strikes out swinging
Batting: RHB Jorge Rocha 0-0: Swinging Strike
0-1: Foul Ball, location: 2F
0-2: Ball
1-2: Foul Ball, location: 2F
1-2: Strikes out swinging
Top of the 8th over - 0 run(s), 1 hit(s), 0 error(s), 1 left on base; SC 3 - Northern Virginia 5
BOTTOM OF THE 8TH
Northern Virginia Retrievers batting - Pitching for SC Storm : LHP Alexis Weaver
Pitching: RHP José Sánchez
Now at C: Ron Blanton
Batting: RHB Don Brown 0-0: Ball
1-0: Ball
2-0: Ball
3-0: Base on Balls
Batting: LHB James Sorensen 0-0: Ball
1-0: Ball
2-0: Ball
3-0: Called Strike
3-1: Swinging Strike
3-2: Strikes out swinging
Batting: RHB Donald Stanley 0-0: Ball
1-0: DOUBLE (Line Drive, 5L)
Don Brown to third
Batting: LHB Dawson Steele 0-0: Ball
1-0: Called Strike
1-1: Foul Ball, location: 2F
1-2: Ball
2-2: Strikes out swinging
Batting: RHB Christian O'Dell 0-0: Ball
1-0: Ball
2-0: Ball
3-0: Base on Balls
Batting: LHB Jesús Pérez 0-0: Ball
1-0: Called Strike
1-1: Foul Ball, location: 2F
1-2: Ball
2-2: Foul Ball, location: 2F
2-2: Strikes out swinging
Bottom of the 8th over - 0 run(s), 1 hit(s), 0 error(s), 3 left on base; SC 3 - Northern Virginia 5
TOP OF THE 9TH
SC Storm batting - Pitching for Northern Virginia Retrievers : RHP Benjamin Baars
Pitching: RHP Norberto Hernández
Batting: RHB Ron Blanton 0-0: Ball
1-0: Called Strike
1-1: Called Strike
1-2: Fly out, F2 (Popup, 2RF)
Batting: LHB Vern Forrest 0-0: Ball
1-0: Ball
2-0: Foul Ball, location: 2F
2-1: Called Strike
2-2: Strikes out swinging
Batting: RHB Bob Myers 0-0: Called Strike
0-1: Swinging Strike
0-2: Ball
1-2: Foul Ball, location: 2F
1-2: Strikes out swinging
Top of the 9th over - 0 run(s), 0 hit(s), 0 error(s), 0 left on base; SC 3 - Northern Virginia 5
This league is powered by Out of the Park Baseball, the baseball management simulation game for PC, Mac and Linux
Saturday, February 27th, 2021 - OOTP Baseball 15.6 Build 34